 Dungeon Crawl Stone Soup version 0.30-a0-360-g447f08457e (webtiles) character file.

Game seed: 14740576349469244998

1 LnG the Caller (level 1, -1/10 HPs)
             Began as a Kobold Summoner on Nov 13, 2022.
             Slain by a quokka (2 damage)
             ... on level 1 of the Dungeon.
             The game lasted 00:00:38 (127 turns).

LnG the Caller (Kobold Summoner)                     Turns: 127, Time: 00:00:38

Health: -1/10      AC:  2    Str:  5    XL:     1   Next: 22%
Magic:  0/3        EV: 15    Int: 16    God:
Gold:   27         SH:  0    Dex: 15    Spells: 3/4 levels left

rFire   . . .      SeeInvis .    (weapon restricted)
rCold   . . .      Faith    .    (no shield)
rNeg    . . .      Spirit   .    a - +0 robe
rPois   .          Reflect  .    (no helmet)
rElec   .          Harm     .    (no cloak)
rCorr   .          Rampage  .    (no gloves)
Will    .....                    (no boots)
Stlth   +++.......               (no amulet)
HPRegen 0.21/turn                (no ring)
MPRegen 0.08/turn                (no ring)

@: no status effects
A: small, no large weapons, nightstalker 3
a: no special abilities


You were on level 1 of the Dungeon.
You visited 1 branch of the dungeon, and saw 1 of its levels.

You collected 27 gold pieces.

Inventory:

Armour
 a - a +0 robe (worn)
Potions
 b - a potion of magic
 c - a potion of heal wounds {unknown}


   Skills:
 * Level 2.4 Dodging
 * Level 2.7 Stealth
 + Level 2.2 Spellcasting
 + Level 4.0 Summonings


You had 3 spell levels left.
You knew the following spells:

 Your Spells              Type           Power      Damage    Failure   Level
a - Summon Small Mammal   Summ           56%        N/A       3%          1

Your spell library contained the following spells:

 Spells                   Type           Power      Damage    Failure   Level
 Call Imp                 Summ           14%        N/A       6%          2
 Call Canine Familiar     Summ           14%        N/A       12%         3
 Summon Guardian Golem    Hex/Summ       8%         N/A       26%         3
 Summon Lightning Spire   Summ/Air       8%         N/A       65%         4


Dungeon Overview and Level Annotations

Branches:
Dungeon (1/15)

Altars:


Innate Abilities, Weirdness & Mutations

You are small and have problems with some larger weapons.
You are completely attuned to the shadows.


Message History

The quokka barely misses you. The quokka closely misses you.
Casting: Summon Small Mammal (safe; 3% risk of failure)
Confirm with . or Enter, or press ? or * to list all spells.
The quokka bites you. The quokka misses you. The quokka misses you.
The quokka closely misses you.
Your rat bites the quokka but does no damage.
You swap places.
The quokka barely misses your rat. The quokka closely misses you.
Your rat closely misses the quokka.
There is an open door here.
You closely miss the quokka. The quokka bites your rat.
Your rat dies!
Your rat's corpse disappears in a puff of smoke!
The quokka bites you.
You hit the quokka but do no damage. The quokka closely misses you. x3
The quokka attacks as you move away! The quokka closely misses you.
The quokka attacks as you move away! The quokka completely misses you.
There is a staircase leading out of the dungeon here.
You open the door. The quokka misses you. The quokka attacks as you move away!
The quokka bites you but does no damage. x2
The quokka twitches its whiskers.
The quokka bites you.
* * * LOW HITPOINT WARNING * * *
There is an open door, spattered with blood here.
The quokka attacks as you move away!
The quokka bites you but does no damage.
The quokka closely misses you.
Casting: Summon Small Mammal (safe; 3% risk of failure)
Confirm with . or Enter, or press ? or * to list all spells.
The quokka bites you.
* * * LOW HITPOINT WARNING * * *
The quokka closely misses you.
You hit the quokka but do no damage. The quokka closely misses you.
The quokka barely misses you.
Your rat closely misses the quokka.
The quokka closely misses you. x2
You barely miss the quokka. The quokka closely misses you. x2
Your rat closely misses the quokka.
A rat comes into view.
You barely miss the quokka. The quokka bites you.
You die...

.....##...............#
.......#..............#
....##.#....##'##.....#
#.#...##...##....#
#.#...#..<..#....#
#...##...##....#
#....##'##.....#
#......rr......#
#....r.r.@......#
......########..#
.........#...#.##
.....##.#r#r#.#
.....##ยง..#.#.#
.....######.#.#
##...####...#.#
....#........#
..........#


You could see 2 quokkas, a rat (distracted) and a friendly rat (summoned).

Vanquished Creatures (collateral kills)
  A hobgoblin (D:1)
1 creature vanquished.

Notes
Turn   | Place    | Note
-------+----------+-------------------------------------------
     0 | D:1      | LnG the Kobold Summoner began the quest for the Orb.
     0 | D:1      | Reached XP level 1. HP: 10/10 MP: 3/3
   127 | D:1      | Slain by a quokka

Illustrated notes

Levels and vault maps discovered:
D:1:      dpeg_arrival_shelter, layout_basic, serial_shops, shop

Action                   || total
-------------------------++-------
Melee: Unarmed           ||     9
 Cast: Summon Small Mamm ||     8
Armor: Robe              ||     4
Dodge: Dodged            ||    27

Table legend: (Time is in decaauts)
 A = Elapsed time spent in this place.
 B = Non-inter-level travel time spent in this place.
 C = Inter-level travel time spent in this place.
 D = Time resting spent in this place.
 E = Time spent auto-exploring this place.
 F = Levels seen in this place.
 G = Mean time per level.
                   A        B        C        D        E       F      G
               +--------+--------+--------+--------+--------+-----+--------+
         Total |    127 |    127 |      0 |      0 |     77 |   1 |  127.0 |
       Dungeon |    127 |    127 |      0 |      0 |     77 |   1 |  127.0 |
               +--------+--------+--------+--------+--------+-----+--------+

Top non-repeatable levels by time:
     D:1: 127 daAuts
